 Dungeon Crawl Stone Soup version 0.29.1-13-g9f3cf754e1 (webtiles) character file.

Game seed: 8653411727956241272

23426 FexLirch the Tainter (level 13, -10/96 HPs)
             Began as a Formicid Venom Mage on Jan 28, 2023.
             Was an Initiate of Gozag.
             Mangled by a cane toad (19 damage)
             ... on level 2 of the Lair of Beasts on Jan 29, 2023.
             The game lasted 01:02:26 (19827 turns).

FexLirch the Tainter (Formicid Venom Mage)         Turns: 19827, Time: 01:02:27

Health: -10/96     AC: 12    Str: 12    XL:     13   Next: 35%
Magic:  1/26       EV: 14    Int: 27    God:    Gozag
Gold:   2539       SH:  0    Dex: 14    Spells: 11/31 levels left

rFire   + . .      SeeInvis +   h - +6 spear "Piumauf" {holy, rElec rN+ Str-2 Int+2}
rCold   . . .      Faith    .   (no shield)
rNeg    + . .      Spirit   .   p - +3 leather armour {rF+}
rPois   .          Reflect  .   (helmet unavailable)
rElec   +          Harm     .   (no cloak)
rCorr   .          Rampage  .   u - +2 pair of gloves
Will    +....      Clarity  +   e - +2 pair of boots
Stlth   ++........              t - amulet of the acrobat
HPRegen 0.26/turn               D - +6 ring of intelligence
MPRegen 0.20/turn               a - ring of Freedom {Slay+3 SInv}

@: lethally poisoned (-10 -> -10), gold aura, unable to read
A: permanent stasis, dig shafts and tunnels, antennae 3, four strong arms,
clarity, wild magic 1, inability to read after injury 1, MP-powered wands
a: Dig, Shaft Self, Renounce Religion, Potion Petition, Call Merchant, Bribe
Branch


You were on level 2 of the Lair of Beasts.
You worshipped Gozag.
Gozag was most pleased with you.
You visited 3 branches of the dungeon, and saw 16 of its levels.

You collected 3095 gold pieces.
You spent 396 gold pieces at shops.
You paid 160 gold pieces to Gozag.

Inventory:

Hand Weapons
 h - the +6 spear "Piumauf" (weapon) {holy, rElec rN+ Str-2 Int+2}
   (You took it off an orc priest on level 7 of the Dungeon)

   It has been blessed by the Shining One to cause great damage to the undead
   and demons.
   Str:       It affects your strength (-2).
   Int:       It affects your intelligence (+2).
   rElec:     It insulates you from electricity.
   rN:        It protects you from negative energy.
 x - a +2 vorpal hand axe
Missiles
 G - a throwing net
Armour
 e - a +2 pair of boots (worn)
 p - a +3 leather armour of fire resistance (worn)
 u - a +2 pair of gloves (worn)
 I - a +0 kite shield
Magical Staves
 d - a staff of conjuration
Jewellery
 a - the ring of Freedom (right hand) {Slay+3 SInv}
   (You found it on level 8 of the Dungeon)

   [ring of see invisible]

   Slay:      It affects your accuracy & damage with ranged weapons and melee
   (+3).
   SInv:      It lets you see invisible.
 m - a ring of protection from fire
 t - an amulet of the acrobat (around neck)
 y - a ring of wizardry
 z - a +6 ring of dexterity
 D - a +6 ring of intelligence (left hand)
Wands
 o - a wand of flame (30)
 A - a wand of iceblast (13)
 E - a wand of polymorph (6)
 K - a wand of acid (7)
Scrolls
 f - 5 scrolls of fear {unknown}
 g - 2 scrolls of immolation
 k - 5 scrolls of identify {unknown}
 n - 2 scrolls of enchant armour
 r - 3 scrolls of vulnerability {unknown}
 s - a scroll of summoning {unknown}
 v - a scroll of silence {unknown}
 B - 2 scrolls of enchant weapon {unknown}
 C - 3 scrolls of magic mapping {unknown}
 J - 3 scrolls of amnesia {unknown}
 L - 2 scrolls of acquirement {unknown}
Potions
 b - 2 potions of magic
 c - 2 potions of degeneration
 j - 2 potions of lignification
 l - 5 potions of mutation
 q - a potion of might {unknown}
 w - a potion of ambrosia {unknown}
 F - 2 potions of flight {unknown}
 H - a potion of invisibility {unknown}


   Skills:
 + Level 7.3 Fighting
 + Level 6.4 Dodging
 - Level 2.4 Stealth
 + Level 9.8 Spellcasting
 - Level 5.0 Conjurations
 + Level 2.5 Hexes
 * Level 10.2 Transmutations
 * Level 8.2 Air Magic
 - Level 12.0 Poison Magic


You had 11 spell levels left.
You knew the following spells:

 Your Spells              Type           Power      Damage    Failure   Level
a - Sting                 Tmut/Pois      100%       1d8       1%          1
b - Poisonous Vapours     Pois/Air       100%       N/A       1%          2
c - Mephitic Cloud        Conj/Pois/Air  66%        N/A       1%          3
d - Olgreb's Toxic Radia  Pois           79%        N/A       1%          4
e - Storm Form            Tmut/Air       35%        N/A       78%         7
f - Dazzling Flash        Conj/Hex       86%        N/A       6%          3

Your spell library contained the following spells:

 Spells                   Type           Power      Damage    Failure   Level
 Magic Dart               Conj           100%       1d8       1%          1
 Slow                     Hex            100%       N/A       3%          1
 Confusing Touch          Hex            34%        N/A       10%         3
 Call Imp                 Summ           17%        N/A       13%         2
 Gell's Gravitas          Tloc           17%        N/A       24%         3
 Lesser Beckoning         Tloc           17%        N/A       24%         3
 Teleport Other           Tloc           17%        N/A       24%         3
 Vampiric Draining        Necr           17%        2d7       24%         3
 Iskenderun's Mystic Bla  Conj/Tloc      34%        2d8       28%         4
 Iskenderun's Battlesphe  Conj           51%        2d10      28%         5
 Fireball                 Conj/Fire      17%        3d9       58%         5
 Conjure Ball Lightning   Conj/Air       29%        3x3d8     58%         6
 Manifold Assault         Tloc           17%        N/A       88%         5
 Starburst                Conj/Fire      17%        6d6       98%         6
 Orb of Destruction       Conj           25%        9d9       100%        7
 Borgnjor's Revivificati  Necr           8%         N/A       100%        8
 Necromutation            Tmut/Necr      26%        N/A       100%        8
 Death's Door             Necr           8%         N/A       100%        9
 Blink                    Tloc           Unusable   N/A       N/A         2

Dungeon Overview and Level Annotations

Branches:
Dungeon (12/15)            Temple (0/1) D:6            Lair (3/5) D:11
    Orc (1/2) D:11
  Swamp: Lair:2-3    Shoals: Lair:2-3     Snake: Lair:2-3    Spider: Lair:2-3

Altars:
Ashenzari
Cheibriados
Fedhas
Gozag
Kikubaaqudgha
Makhleb
Nemelex Xobeh
Okawaru
Trog
Uskayaw
Xom
The Shining One

Shops:
D:6 =

Annotations:
D:9 1 runed translucent door, rakiston's ghost, journeyman MiBe
D:11 exclusion: hydra
Lair:1 exclusion: downstairs
Lair:3 2 runed translucent doors


Innate Abilities, Weirdness & Mutations

You cannot be hasted, slowed, berserked, paralysed or teleported.
You can dig through walls and to a lower floor.
You have a pair of large antennae on your head. (SInv)
Your four strong arms can wield two-handed weapons with a shield.
You possess an exceptional clarity of mind.
Your spells are a little harder to cast, but a little more powerful.
You occasionally lose the ability to read scrolls when taking damage.
You expend magic power (3 MP) to strengthen your wands.


Message History

The cane toad is lightly wounded.
You feel sick.
The cane toad is no longer blind.
The cane toad barely misses you.
Casting: Sting (safe; 1% risk of failure)
Confirm with . or Enter, or press ? or * to list all spells.
Aiming: Sting (safe; 1% risk of failure)
Press: ? - help, Shift-Dir - straight line, f/p - cane toad
Aim: a cane toad (lightly wounded, poisoned, 81% to hit)
Okay, then.
Unknown command.
Casting: Sting (safe; 1% risk of failure)
Confirm with . or Enter, or press ? or * to list all spells.
Casting: Dazzling Flash (mildly dangerous; 6% risk of failure)
Press: ? - help, Dir - look around, f - activate You feel sick.
The cane toad stings you!
* * * LOW HITPOINT WARNING * * *
Casting: Dazzling Flash (mildly dangerous; 6% risk of failure)
Confirm with . or Enter, or press ? or * to list all spells.
Casting: Dazzling Flash (mildly dangerous; 6% risk of failure)
Press: ? - help, Dir - look around, f - activate The cane toad is dazzled.
You feel sick. The cane toad barely misses you.
The cane toad closely misses you.
Okay, then.
Unknown command.
Unknown command.
Okay, then.
Unknown command.
Unknown command.
You feel sick.
You feel sick.
You see here a +3 war axe.
Are you sure you want to shaft yourself?
You feel sick.
The cane toad looks more healthy.
The cane toad closely misses you.
You begin to dig a shaft.
You continue digging a shaft.
You can read scrolls again.
You feel sick. The cane toad stings you!!
You feel threatened and lose the ability to read scrolls!
You die...
Your body crumbles into a pile of gold.

#.#.##...<....#.+.....#.#.##
#.P.####......##.8.#..###.#
P...P##......###....####...######
....####.....#.......##..........
P.#.##.#...##.........#...##P..<.
P...###...##...........# ##....
#.P.##.###....#....##...# #....
#........#...###.8.# ..... ##..#
###.P..#.#..###.@..####...# #...P
#.#..##....##.F...## ...# #....
##...##>.8###..>...# .> ##...
#...##....##.....## .#..
##...##..####....# #. .#..P
#..####...###.8..##.. .
#...###..........#...
##.###.##...........#
###..######.........##


You could see a cane toad (blind).

Vanquished Creatures
  Josephine (D:11)
  2 boulder beetles
  3 two-headed ogres (D:10)
  A hydra (Lair:2)
  An ugly thing (D:7)
  A cyclops (D:11)
  A manticore (D:11)
  3 black mambas
  2 cane toads
  3 komodo dragons
  2 kobold demonologists (D:11)
  2 trolls
  A hornet (D:10)
  3 shadows
  4 wraiths
  26 yaks
  5 wyverns
  A basilisk (Lair:1)
  4 steam dragons
  13 vampire mosquitoes
  A swamp worm (Lair:2)
  A warg (D:11)
  11 water moccasins
  2 sky beasts
  3 black bears
  2 ice beasts
  9 orc warriors
  2 ogres
  5 wolves
  3 phantoms
  4 centaurs
  3 kobold brigands
  6 necrophages
  2 gnoll sergeants
  A scorpion (D:7)
  7 bullfrogs
  A killer bee (Lair:3)
  10 howler monkeys
  A lava snake (D:8)
  11 orc priests
  4 jellies
  4 hounds
  Ijyb (D:3)
  3 iguanas
  14 orc wizards
  Robin (D:3)
  6 adders
  7 gnolls
  A shadow imp (D:5)
  A white imp (D:8)
  4 worms
  4 dart slugs
  51 orcs
  3 ball pythons
  3 endoplasms
  2 giant cockroaches
  24 goblins
  11 hobgoblins
  3 jackals (D:3)
  21 kobolds
  3 quokkas
  7 bats
  5 frilled lizards
  A rat (D:3)
348 creatures vanquished.

Vanquished Creatures (others)
  16 fungi
  10 plants
26 creatures vanquished.

Grand Total: 374 creatures vanquished

Notes
Turn   | Place    | Note
-------+----------+-------------------------------------------
     0 | D:1      | FexLirch the Formicid Venom Mage began the quest for the
                  | Orb.
     0 | D:1      | Reached XP level 1. HP: 13/13 MP: 3/3
   398 | D:1      | Reached XP level 2. HP: 19/19 MP: 3/5
   638 | D:1      | Found a faded altar of an unknown god.
  1095 | D:2      | Reached XP level 3. HP: 20/24 MP: 0/7
  1634 | D:2      | Found a hide-covered altar of Uskayaw.
  1769 | D:2      | Learned a level 2 spell: Poisonous Vapours
  1773 | D:2      | Learned a level 3 spell: Mephitic Cloud
  1972 | D:2      | Reached XP level 4. HP: 30/30 MP: 6/8
  2454 | D:3      | You fall into a shaft and drop 1 floor!
  2527 | D:4      | Found a shimmering altar of Xom.
  2573 | D:4      | Reached skill level 5 in Poison Magic
  2589 | D:4      | Reached XP level 5. HP: 35/35 MP: 3/9
  2728 | D:4      | Noticed a phantom
  2757 | D:3      | Noticed Robin
  3125 | D:3      | Reached XP level 6. HP: 37/41 MP: 7/11
  3236 | D:3      | Noticed Ijyb
  3254 | D:3      | Killed Ijyb
  3255 | D:3      | Reached skill level 1 in Conjurations
  3255 | D:3      | Reached skill level 1 in Air Magic
  3617 | D:3      | Killed Robin
  4078 | D:3      | Found an ancient bone altar of Kikubaaqudgha.
  4139 | D:4      | Noticed a black bear
  4450 | D:4      | Learned a level 4 spell: Olgreb's Toxic Radiance
  4693 | D:4      | Reached XP level 7. HP: 41/46 MP: 2/12
  4831 | D:4      | Reached skill level 6 in Poison Magic
  5695 | D:5      | Entered Level 5 of the Dungeon
  6163 | D:5      | Reached XP level 8. HP: 52/52 MP: 10/14
  6245 | D:5      | You fall into a shaft and drop 3 floors!
  6370 | D:8      | Found an opulent altar of Gozag.
  6382 | D:8      | Reached skill level 7 in Poison Magic
  6389 | D:8      | Reached skill level 5 in Spellcasting
  6390 | D:8      | Became a worshipper of Gozag Ym Sagoz the Greedy
  6897 | D:7      | Noticed a wyvern
  6911 | D:7      | Killed a wyvern
  6912 | D:7      | Reached skill level 8 in Poison Magic
  6912 | D:7      | Reached XP level 9. HP: 43/57 MP: 4/17
  7142 | D:7      | Gained mutation: You occasionally lose the ability to read
                  | scrolls when taking damage. [potion of mutation]
  7142 | D:7      | Gained mutation: You expend magic power (3 MP) to
                  | strengthen your wands. [potion of mutation]
  7142 | D:7      | Gained mutation: Your spells are a little harder to cast,
                  | but a little more powerful. [potion of mutation]
  7142 | D:7      | Gained mutation: You possess an exceptional clarity of
                  | mind. [potion of mutation]
  7704 | D:8      | Identified the ring of Freedom {Slay+3 SInv}
  7841 | D:7      | Found a hide-covered altar of Uskayaw.
  7854 | D:7      | Reached skill level 9 in Poison Magic
  7902 | D:8      | Reached skill level 5 in Conjurations
  8152 | D:7      | Identified the +6 spear "Piumauf" {holy, rElec rN+ Str-2
                  | Int+2}
  8359 | D:6      | Found a snail-covered altar of Cheibriados.
  8389 | D:6      | Noticed a troll
  8402 | D:6      | Reached XP level 10. HP: 63/63 MP: 3/20
  8559 | D:7      | Noticed an eight-headed hydra
  8559 | D:7      | Noticed a brown ugly thing
  8577 | D:7      | You fall into a shaft and drop 3 floors!
  8577 | D:10     | Entered Level 10 of the Dungeon
  8730 | D:9      | Reached skill level 5 in Transmutations
  8884 | D:9      | Found a broken altar of Ashenzari.
  8905 | D:9      | Reached skill level 1 in Fighting
  8926 | D:9      | Reached skill level 5 in Air Magic
  9005 | D:9      | Reached skill level 10 in Poison Magic
  9640 | D:6      | Found a sparkling altar of Nemelex Xobeh.
  9666 | D:6      | Found a staircase to the Ecumenical Temple.
 10052 | D:6      | Found Ziov's Jewellery Shoppe.
 10487 | D:5      | Found a large runed translucent door.
 10488 | D:5      | Found a large runed translucent door.
 10942 | D:5      | Found a blossoming altar of Fedhas.
 10953 | D:5      | Found a bloodstained altar of Trog.
 11023 | D:6      | Bought a +6 ring of intelligence for 396 gold pieces
 11033 | D:6      | Learned a level 7 spell: Storm Form
 11121 | D:7      | Killed a brown ugly thing
 11268 | D:7      | Reached XP level 11. HP: 75/75 MP: 18/22
 11668 | D:7      | You fall into a shaft and drop 3 floors!
 11685 | D:10     | Noticed a two-headed ogre
 11703 | D:10     | Killed a two-headed ogre
 11988 | D:9      | Reached skill level 11 in Poison Magic
 12146 | D:9      | Noticed rakiston's ghost (journeyman MiBe)
 12410 | D:9      | Found a runed translucent door.
 12641 | D:10     | Noticed a two-headed ogre
 12657 | D:10     | Killed a two-headed ogre
 12953 | D:10     | Reached skill level 5 in Fighting
 12990 | D:10     | Found a burning altar of Makhleb.
 13073 | D:10     | Found a glowing golden altar of the Shining One.
 13082 | D:10     | Found an iron altar of Okawaru.
 13211 | D:10     | Identified the +4 short sword of Dividends {venom, rCorr
                  | Dex+2 SInv}
 13325 | D:10     | Noticed a two-headed ogre
 13342 | D:10     | Killed a two-headed ogre
 13723 | D:11     | Noticed a manticore
 13738 | D:11     | Killed a manticore
 13739 | D:11     | Reached skill level 5 in Dodging
 13739 | D:11     | Reached XP level 12. HP: 72/86 MP: 7/24
 13867 | D:11     | Noticed a two-headed ogre
 13928 | D:11     | Found a staircase to the Orcish Mines.
 14555 | D:11     | Noticed a boulder beetle
 14570 | D:11     | Killed a boulder beetle
 14755 | D:11     | Found a staircase to the Lair.
 14767 | D:11     | Reached skill level 12 in Poison Magic
 14782 | D:11     | Noticed Josephine
 14924 | D:11     | Killed Josephine
 15042 | D:11     | Noticed a six-headed hydra
 15812 | Orc:1    | Entered Level 1 of the Orcish Mines
 16265 | D:12     | Found an opulent altar of Gozag.
 16293 | Lair:1   | Entered Level 1 of the Lair of Beasts
 17386 | Lair:1   | Reached XP level 13. HP: 53/95 MP: 23/26
 17845 | Lair:2   | Learned a level 3 spell: Dazzling Flash
 18098 | Lair:1   | HP: 1/95 [black mamba (11)]
 18445 | Lair:2   | Reached skill level 1 in Hexes
 18790 | Lair:2   | Noticed a six-headed hydra
 18794 | Lair:2   | Killed a six-headed hydra
 19445 | Lair:3   | Found a runed translucent gate.
 19446 | Lair:3   | Found a runed translucent gate.
 19478 | Lair:3   | Reached skill level 10 in Transmutations
 19733 | Lair:3   | Noticed a boulder beetle
 19743 | Lair:3   | Killed a boulder beetle
 19816 | Lair:3   | Noticed a catoblepas
 19827 | Lair:2   | Mangled by a cane toad

Illustrated notes

Levels and vault maps discovered:
D:1:      erik_arrival_cave_to_civilisation [erik_arrival_cave_to_hall],
          layout_loops_ring, basic_ecumenical_altar
D:2:      layout_basic, basic_altar
D:3:      kennysheep_goblin_castle, layout_rooms,
          nicolae_kikubaaqudgha_miasma_corner, uniq_robin
D:4:      layout_cave_pods, mainiacjoe_overflow_tiny_flanked
D:5:      layout_gridville, jmf_multi_god_temple2
D:6:      layout_basic, mainiacjoe_overflow_large_starburst,
          minmay_temple_entry_mist, minmay_shop_enchanted_jewellery
D:7:      minmay_the_grid_triangle_9x9_rhombus_thin
          [minmay_the_grid_triangle_9x9_negative_grid,
          minmay_the_grid_triangle_9x9_prize_insulated,
          minmay_the_grid_triangle_9x9_semitri,
          minmay_the_grid_triangle_9x9_empty], layout_loops_corners,
          mainiacjoe_overflow_chevrons
D:8:      layout_gridville, mainiacjoe_overflow_small_starburst,
          kennysheep_cross_room
D:9:      layout_rooms, ashenzari_conservatory_becter, hellmonk_ghost_big_iron
D:10:     layout_irregular_city, amcnicky_altar_gilded,
          mainiacjoe_overflow_swirl
D:11:     layout_roguey, lair_entry_dummy, minmay_orc_entry_temple_small,
          kennysheep_generic_room_2, uniq_josephine
D:12:     layout_basic, nicolae_gozag_seed_capital, uniq_urug
Lair:1:   layout_gridlike, serial_bayou_shore_b
Lair:2:   layout_loops_ring, nicolae_swamp_entry_splash_gauntlet,
          lightli_volcano_entry_magma_tube, grunt_megastairs_5,
          lemuel_fruit_fields, lemuel_fruit_tree, serial_bayou_shore_b
Lair:3:   layout_gridlike, hellmonk_spider_entry_not_the_bees,
          gammafunk_ghost_ooze, roderic_carrion_pond, uniq_fannar
Orc:1:    layout_diamond_mine, serial_shops, nicolae_shop_behind_doors,
          gammafunk_ghost_split, basic_altar, mines2_david

Skill      XL: |  1  2  3  4  5  6  7  8  9 10 11 12 13 |
---------------+----------------------------------------+-----
Transmutations | 2 3 4 6 7 9 10 | 10.2
Spellcasting   | 3 4 5 6 7 8 9 |  9.8
Poison Magic   | 5 6 8 9 10 11 12 | 12.0
Conjurations   | 1 2 3 5 |  5.0
Air Magic      | 1 2 3 4 5 6 7 8 |  8.2
Dodging        | 3 5 6 |  6.4
Fighting       | 3 5 6 7 |  7.3
Hexes          | 2 |  2.5
Stealth        | |  2.4

Action                   |  1- 3 |  4- 6 |  7- 9 | 10-12 | 13-15 || total
-------------------------+-------+-------+-------+-------+-------++-------
Melee: Staff             |    22 |    67 |   116 |       |       ||   205
       Punch             |       |     2 |     2 |     4 |     1 ||     9
       Spear             |       |       |     2 |   484 |    87 ||   573
 Cast: Sting             |    57 |    85 |   144 |    50 |    37 ||   373
       Poisonous Vapours |       |    28 |    32 |    29 |     6 ||    95
       Mephitic Cloud    |       |     2 |    14 |    43 |    10 ||    69
       Olgreb's Toxic Ra |       |       |     7 |    49 |     6 ||    62
       Dazzling Flash    |       |       |       |       |    25 ||    25
 Abil: Shaft Self        |       |       |     1 |     2 |     1 ||     4
       Dig               |       |       |     1 |     4 |     1 ||     6
Evoke: Wand              |       |       |     9 |     3 |    10 ||    22
  Use: Potion            |       |       |     8 |     2 |     5 ||    15
       Scroll            |       |       |     1 |     3 |       ||     4
 Stab: Sleeping          |       |     1 |       |     5 |       ||     6
       Distracted        |       |     1 |       |     1 |       ||     2
       Confused          |       |       |     9 |    12 |     1 ||    22
       Invisible         |       |       |       |       |     7 ||     7
Armor: Robe              |     8 |    10 |       |       |       ||    18
       Leather armour    |       |    35 |   122 |   154 |    36 ||   347
       Skin              |       |       |    12 |       |       ||    12
Dodge: Dodged            |    28 |    76 |   107 |   260 |   139 ||   610
